 Dungeon Crawl Stone Soup version 0.29.1-15-g9cfb28693d (webtiles) character file.

Game seed: 6542258040419777735

2 hawla the Ducker (level 1, 0/17 HPs)
             Began as a Meteoran Wanderer on Apr 5, 2023.
             Slain by a goblin
             ... wielding a +0 club
              (2 damage)
             ... on level 1 of the Dungeon.
             The game lasted 00:00:35 (31 turns).

hawla the Ducker (Meteoran Wanderer)                  Turns: 31, Time: 00:00:36

Health: 0/17       AC:  3    Str: 13    XL:     1   Next: 42%
Magic:  2/2        EV: 12    Int:  9    God:
Gold:   7          SH:  0    Dex: 17    Spells: 0/0 levels left

rFire   . . .      SeeInvis .   a - +1 spear
rCold   . . .      Faith    .   (no shield)
rNeg    . . .      Spirit   .   c - +0 leather armour
rPois   .          Reflect  .   (no helmet)
rElec   .          Harm     .   (no cloak)
rCorr   .          Rampage  .   (no gloves)
Will    .....                   (no boots)
Stlth   +.........              (no amulet)
HPRegen 0.05/turn               (no ring)
MPRegen 0.08/turn               (no ring)

@: glowing
A: sense surroundings 1, otherworldly, glowing, explore regen
a: no special abilities


You were on level 1 of the Dungeon.
You visited 1 branch of the dungeon, and saw 1 of its levels.

You collected 7 gold pieces.

Inventory:

Hand Weapons
 a - a +1 spear (weapon)
Missiles
 b - 3 throwing nets (quivered)
Armour
 c - a +0 leather armour (worn)
Scrolls
 d - a scroll of summoning


   Skills:
 + Level 2.1 Fighting
 + Level 1.2 Polearms
 + Level 1.3 Throwing
 + Level 2.6 Dodging
 - Level 1.0 Stealth
 + Level 1.2 Invocations
 + Level 2.4 Evocations


You couldn't memorise any spells.
You didn't know any spells.
Your spell library was empty.

Dungeon Overview and Level Annotations

Branches:
Dungeon (1/15) Zot: 568

Altars:


Innate Abilities, Weirdness & Mutations

You passively map a small area around you.
You are easily found by Zot.
You glow in the dark.
You regain HP and MP as you explore.


Message History

Press ? for a list of commands and other information.
Found 7 gold pieces.
Found a staircase leading out of the dungeon.
You begin with the following items: a +1 spear, 3 throwing nets, a +0 leather armour, a scroll of summoning.
You now have 7 gold pieces.
An endoplasm comes into view.
A kobold comes into view. It is wielding a +0 whip.
The endoplasm quivers.
The kobold throws a stone.
The stone completely misses you.
A goblin and a frilled lizard come into view.
The goblin shouts!
The frilled lizard hisses angrily.
You hear a shout!
The kobold throws a stone.
The stone barely misses you.
You hit the endoplasm but do no damage. The endoplasm closely misses you.
You hit the endoplasm.
The endoplasm is heavily wounded.
The endoplasm jiggles.
The endoplasm freezes you.
You are frozen.
You hit the endoplasm.
You kill the endoplasm!
You reach to attack!
You barely miss the frilled lizard.
A kobold comes into view. It is wielding a +0 short sword. x2
The kobold shouts!
You hit the frilled lizard.
You kill the frilled lizard!
The kobold hits you with a +0 whip.
You barely miss the kobold. The kobold barely misses you.
You closely miss the goblin. The goblin hits you with a +0 club.
The kobold hits you with a +0 whip.
* * * LOW HITPOINT WARNING * * *
You are too injured to fight recklessly!
The goblin attacks as you move away! The goblin hits you with a +0 club.
* * * LOW HITPOINT WARNING * * *
The goblin attacks as you move away! The goblin hits you but does no damage.
There is a staircase leading out of the dungeon here.
Found a scroll labelled SOHOGRE SATZU.
The goblin attacks as you move away! The goblin hits you with a +0 club.
* * * LOW HITPOINT WARNING * * *
The goblin attacks as you move away! The goblin hits you with a +0 club.
You die...

#.##.##.## , ,
*#.#.#.## ,
#######.#K## ,
?......#K#.......
* ,, ,*
##.#.####### , **
##K#.#.#* ,
##.##.##.#* *
##g##*.# #.# ***
#@## *.# *#.# , *
#.## .# #.# , #.#
.# #. * ..# *.# *
, * #.. * * #.*
,, * #, * , , * *


You could see a goblin and 3 kobolds.

Vanquished Creatures
  An endoplasm (D:1)
  A frilled lizard (D:1)
2 creatures vanquished.

Notes
Turn   | Place    | Note
-------+----------+-------------------------------------------
     0 | D:1      | hawla the Meteoran Wanderer began the quest for the Orb.
     0 | D:1      | hawla set off with the following items: a +1 spear, 3
                  | throwing nets, a +0 leather armour, a scroll of summoning.
     0 | D:1      | Reached XP level 1. HP: 17/17 MP: 2/2
    31 | D:1      | Slain by a goblin

Illustrated notes

Levels and vault maps discovered:
D:1:      spicycebolla_arrival_xxxplode, layout_loops_ring, minmay_pentomino_v4

Action                   || total
-------------------------++-------
Melee: Spear             ||     7
Armor: Leather armour    ||     1
Dodge: Dodged            ||     4
